[Event "ETCC Women 2013"]
[Site "Warsaw"]
[Date "2013.11.08"]
[Round "1"]
[White "Gara, Anita"]
[Black "Revo, Tatiana"]
[Result "1-0"]
[ECO "B52"]
[WhiteElo "2311"]
[BlackElo "2075"]
[PlyCount "165"]
[EventDate "2013.??.??"]
[EventCountry "POL"]
[WhiteTeam "Hungary"]
[BlackTeam "Belarus"]
[WhiteTeamCountry "HUN"]
[BlackTeamCountry "BLR"]
[TimeControl "40/5400+30:1800+30"]

1. e4 c5 2. Nf3 d6 3. Bb5+ Bd7 4. Bxd7+ Qxd7 5. O-O Nf6 6. e5 dxe5 7. Nxe5 Qc8 8. Qf3 e6 9. Nc3 Be7 10. d3 O-O 11. Bf4 Nfd7 12. Nc4 Nc6 13.
Nb5 a6 14. Nbd6 Nd4 15. Qd1 Qc7 16. c3 e5 17. cxd4 exf4 18. Nf5 Bf6 19. dxc5 Qxc5 20. Qg4 Ne5 21. Nxe5 Qxe5 22. d4 Qd5 23. Qxg7+ Bxg7 24. Ne7+ Kh8 25. Nxd5 f3 26. gxf3 Rad8 27. Ne3 Rxd4 28. Rfd1 b5 29. b3 Rh4 30. Nf5 Rh5 31. Nxg7 Kxg7 32. Rd6 Rg5+ 33. Kf1 Rc8 34. Rad1 Rc2 35. R6d2 Rgc5 36. Ke2 Re5+ 37. Kf1 Rec5 38. f4 Rc6 39. Ke2 Re6+ 40.
Kf3 Rxd2 41. Rxd2 Rh6 42. Kg3 Rg6+ 43. Kf3 Rh6 44. f5 Rxh2 45. f6+ Kxf6 46. Rd6+ Kg7 47. Rxa6 Rh5 48. Ra5 Rf5+ 49. Kg3 Rc5 50. b4 Rg5+ 51. Kf4 h6 52. Ke4 Kf6 53. a3 h5 54. f4 Rg3 55.
Rxb5 Rxa3 56. Rxh5 Rb3 57. Rb5 Ke6 58. Rb6+ Kd7 59. Kd4 Kc7 60. Kc4 Re3 61. Rf6 Re7 62. Kc5 Rd7 63. b5 Kb7 64. f5 Kc7 65.
Rc6+ Kb7 66. Rd6 Re7 67. f6 Rc7+ 68. Kd5 Kb8 69. Rd8+ Kb7 70. Kd6 Rc1 71. Rd7+ Kb6 72. Rxf7 Rd1+ 73. Ke6 Re1+ 74. Kf5 Kxb5 75. Rc7 Kb6 76. Rc2 Rf1+ 77. Kg6 Rg1+ 78. Kf7 Rf1 79. Kg7 Rg1+ 80. Kf8 Ra1 81. f7 Ra8+ 82. Kg7 Ra7 83. Kg8 1-0

[Event "ETCC Women 2013"]
[Site "Warsaw"]
[Date "2013.11.08"]
[Round "1"]
[White "Hoang, Thanh Trang"]
[Black "Ziaziulkina, Nastassia"]
[Result "0-1"]
[ECO "A46"]
[WhiteElo "2511"]
[BlackElo "2350"]
[PlyCount "80"]
[EventDate "2013.??.??"]
[EventCountry "POL"]
[WhiteTeam "Hungary"]
[BlackTeam "Belarus"]
[WhiteTeamCountry "HUN"]
[BlackTeamCountry "BLR"]
[TimeControl "40/5400+30:1800+30"]

1. d4 Nf6 2. Nf3 e6 3. Bf4 c5 4. e3 d5 5. Nbd2 Bd6 6. Bg3 O-O 7. c3 Qc7 8. Ne5 Nfd7 9. Bd3 Nc6 10. f4 f6 11. Qh5 f5 12. Bh4 Qb6 13. Rb1 cxd4 14. exd4 Bxe5 15. fxe5 Nxd4 16. cxd4 Qxd4 17. Be2 Nxe5 18. Bf2 Nd3+ 19. Bxd3 Qxd3 20. Qf3 Qb5 21. Bd4 f4 22. Be5 Rf5 23. Qc3 d4 24. Bxd4 e5 25.
a4 Qd5 26. Bf2 e4 27. Bd4 Rg5 28. O-O e3 29. Nf3 Bh3 30. g3 Rf8 31. Qc2 Rg6 32. Qc5 Qe4 33. Nh4 e2 34. Qxf8+ Kxf8 35. Nxg6+ Qxg6 36. Rxf4+ Kg8 37. Re1 Bf1 38. a5 Qd3 39. Bc3 Qe3+ 40. Kh1 Bh3 0-1

[Event "ETCC Women 2013"]
[Site "Warsaw"]
[Date "2013.11.08"]
[Round "1"]
[White "Nevioselaya, Maria"]
[Black "Papp, Petra"]
[Result "0-1"]
[ECO "B53"]
[WhiteElo "2074"]
[BlackElo "2300"]
[PlyCount "116"]
[EventDate "2013.??.??"]
[EventCountry "POL"]
[WhiteTeam "Belarus"]
[BlackTeam "Hungary"]
[WhiteTeamCountry "BLR"]
[BlackTeamCountry "HUN"]
[TimeControl "40/5400+30:1800+30"]

1. e4 c5 2. Nf3 d6 3. d4 cxd4 4. Qxd4 Nc6 5. Bb5 Bd7 6. Bxc6 Bxc6 7. Nc3 Nf6 8. Bg5 e6 9. O-O-O Be7 10. Qd3 Qa5 11. h4 h6 12. Bxf6 Bxf6 13.
Nd4 O-O 14. f4 Qb6 15. Nde2 Rfd8 16. g4 d5 17. e5 d4 18. Ne4 Bb5 19. Qf3 Be7 20. g5 Rac8 21. gxh6 g6 22. h5 Kh7 23. Ng5+ Bxg5 24. fxg5 Qc7 25. Rd2 d3 26. Qf6 Rg8 27. Nd4 Bc4 28. Rf1 Rcf8 29. b3 Qc5 30.
Qf4 Ba6 31. Kb2 gxh5 32. cxd3 Qe7 33. Qe4+ Kh8 34. Rf6 Rxg5 35.
Rdf2 Rg4 36. R2f4 Rxf4 37. Qxf4 Bxd3 38. Nxe6 Rc8 39. Nd4 Qc5 40. Rc6 Rxc6 41. Nxc6 Qxc6 42. e6 Qxe6 43. Qd4+ f6 44. Qxd3 Qe5+ 45. Kc2 Qg5 46. Qd8+ Kh7 47. Qe7+ Kxh6 48. Qxb7 Qc5+ 49. Kd3 h4 50. b4 Qf5+ 51. Ke3 Qe6+ 52. Kf3 Qxa2 53. Qe7 Qb3+ 54. Kf2 Qg3+ 55. Kf1 Qf4+ 56. Kg2 Qg5+ 57. Kh1 h3 58. Qf8+ Qg7 0-1

[Event "ETCC Women 2013"]
[Site "Warsaw"]
[Date "2013.11.08"]
[Round "1"]
[White "Stetsko, Lanita"]
[Black "Gara, Ticia"]
[Result "1-0"]
[ECO "B52"]
[WhiteElo "2226"]
[BlackElo "2350"]
[PlyCount "89"]
[EventDate "2013.??.??"]
[EventCountry "POL"]
[WhiteTeam "Belarus"]
[BlackTeam "Hungary"]
[WhiteTeamCountry "BLR"]
[BlackTeamCountry "HUN"]
[TimeControl "40/5400+30:1800+30"]

1. e4 c5 2. Nf3 d6 3. Bb5+ Bd7 4. Bxd7+ Qxd7 5. c4 Nf6 6. Nc3 g6 7. d4 cxd4 8.
Nxd4 Bg7 9. h3 O-O 10. O-O Nc6 11. Be3 Rfc8 12. b3 Qd8 13. Rc1 a6 14. a4 Rab8
15. Qd3 Nd7 16. Rfd1 Nc5 17. Qb1 Nxd4 18. Bxd4 Bh6 19. Rc2 Ne6 20. Be3 Bxe3 21.
fxe3 f6 22. Rf2 Nc5 23. b4 Nd7 24. c5 Qe8 25. Qb3+ Qf7 26. Nd5 Kg7 27. cxd6
exd6 28. Rdf1 Rf8 29. Rc2 Qe6 30. Qd3 Ne5 31. Nc7 Qf7 32. Qxd6 Kg8 33. Nd5 Rbd8
34. Nxf6+ Qxf6 35. Qxf6 Rxf6 36. Rxf6 Rd1+ 37. Rf1 Rd3 38. Rc8+ Kg7 39. Rc7+
Kh6 40. Rxb7 Rxe3 41. b5 axb5 42. Rxb5 Rxe4 43. a5 Nd3 44. Ra1 Re2 45. a6 1-0

[Event "ETCC Open 2013"]
[Site "Warsaw"]
[Date "2013.11.08"]
[Round "1"]
[White "Hauge, Lars Oskar"]
[Black "Zhigalko, Andrey"]
[Result "0-1"]
[ECO "B12"]
[WhiteElo "2301"]
[BlackElo "2619"]
[PlyCount "66"]
[EventDate "2013.??.??"]
[EventCountry "POL"]
[WhiteTeam "Norway"]
[BlackTeam "Belarus"]
[WhiteTeamCountry "NOR"]
[BlackTeamCountry "BLR"]
[TimeControl "40/5400+30:1800+30"]

1. e4 c6 2. d4 d5 3. e5 Bf5 4. Nf3 e6 5. Be2 c5 6. c4 dxc4 7. Bxc4 Nc6 8. O-O cxd4 9. Bb5 Bc5 10. b4 Bb6 11. Bg5 Nge7 12. Nbd2 O-O 13. Bxc6 bxc6 14. Nc4 c5 15. Nd6 cxb4 16. Nxd4 Qd7 17. Bxe7 Qxe7 18. Rc1 Bg6 19. Nc6 Qg5 20. Rc4 f5 21. Rxb4 f4 22. Qb3 Kh8 23. Qxe6 Bd3 24. Rd1 Qh5 25. Rc1 Bxf2+ 26. Kh1 f3 27. Qg4 Qxg4 28. Rxg4 Be3 29. gxf3 Bxc1 30. e6 Ba3 31. e7 Bxd6 32. exf8=R+ Bxf8 33. Ne5 Bg6 0-1

[Event "ETCC Open 2013"]
[Site "Warsaw"]
[Date "2013.11.08"]
[Round "1"]
[White "Meier, Georg"]
[Black "Raznikov, Danny"]
[Result "1/2-1/2"]
[ECO "A20"]
[WhiteElo "2623"]
[BlackElo "2481"]
[PlyCount "87"]
[EventDate "2013.??.??"]
[EventCountry "POL"]
[WhiteTeam "Germany"]
[BlackTeam "Israel"]
[WhiteTeamCountry "GER"]
[BlackTeamCountry "ISR"]
[TimeControl "40/5400+30:1800+30"]

1. c4 e5 2. g3 Nf6 3. Bg2 c6 4. d4 Bb4+ 5. Bd2 Bxd2+ 6. Qxd2 d6 7. Nc3 O-O 8.
e4 Nbd7 9. Nge2 a6 10. O-O b5 11. Rfd1 Bb7 12. dxe5 dxe5 13. Bh3 Nb6 14. Qe3 Qc7 15. c5 Nc4 16. Qc1 Bc8 17. Bxc8 Rfxc8 18. b3 Na5 19. Qe3 Rd8 20. f4 exf4 21. gxf4 b4 22. Na4 Rxd1+ 23. Rxd1 Re8 24. Rd4 Nb7 25. Ng3 g6 26. Qd2 Rd8 27. Rxd8+ Nxd8 28. Qd6 Ne8 29. Qxc7 Nxc7 30. Kf2 Kg7 31. Ke3 a5 32. Ne2 f5 33. Nd4 fxe4 34. Kxe4 Kf6 35. Nb6 Na6 36. Na4 Nc7 37. Nb2 Nce6 38. Nxe6 Nxe6 39. Nd3 h6 40. Ne5 Nxc5+ 41. Ke3 g5 42. Nxc6 gxf4+ 43. Kxf4 Nd3+ 44. Ke4 {Ke5+} 1/2-1/2

[Event "ETCC Open 2013"]
[Site "Warsaw"]
[Date "2013.11.08"]
[Round "1"]
[White "Morrison, Graham"]
[Black "Solak, Dragan"]
[Result "1/2-1/2"]
[ECO "D12"]
[WhiteElo "2351"]
[BlackElo "2618"]
[PlyCount "82"]
[EventDate "2013.??.??"]
[EventCountry "POL"]
[WhiteTeam "Scotland"]
[BlackTeam "Turkey"]
[WhiteTeamCountry "SCO"]
[BlackTeamCountry "TUR"]
[TimeControl "40/5400+30:1800+30"]

1. d4 d5 2. c4 c6 3. Nf3 Nf6 4. e3 Bf5 5. Nc3 e6 6. Nh4 Be4 7. f3 Bg6 8. Qb3 Qc7 9. Bd2 Be7 10. Nxg6 hxg6 11. g3 a6 12. Kf2 dxc4 13. Bxc4 b5 14. Be2 c5 15. dxc5 Nbd7 16. Rac1 Nxc5 17. Qc2 O-O 18. b4 Ncd7 19. Nd5 Nxd5 20. Qxc7 Nxc7 21. Rxc7 Rfd8 22. Rhc1 Nb6 23.
R7c2 Bf6 24. Be1 g5 25. Rd1 Rdc8 26. Rxc8+ Rxc8 27. Rd6 Nd5 28.
Rxa6 Rc2 29. a4 bxa4 30. Rxa4 Bc3 31. Ra8+ Kh7 32. b5 f5 33. b6 Nxb6 34. Ra6 Bxe1+ 35. Kxe1 Rb2 36. e4 fxe4 37. fxe4 Kg6 38. Ra7 Kf6 39. e5+ Kxe5 40. Rxg7 Kf6 41. Rb7 Ke5 1/2-1/2